 Dungeon Crawl Stone Soup version 0.20.1-1-g8b1a95d (webtiles) character file.

56664 Gargoyl the Tortoise (level 14, 0/189 HPs)
             Began as a Minotaur Abyssal Knight on Oct 3, 2017.
             Was the Champion of Lugonu.
             Slain by Frances
             ... wielding a +0 trident
              (12 damage)
             ... on level 12 of the Dungeon.
             The game lasted 00:44:04 (26112 turns).

Gargoyl the Tortoise (Minotaur Abyssal Knight)     Turns: 26112, Time: 00:44:05

Health: 0/189      AC: 25    Str: 28      XL:     14   Next: 42%
Magic:  19/19      EV: 10    Int: 10 (11) God:    Lugonu [******]
Gold:   1944       SH:  4    Dex: 18      Spells: 13/13 levels left

rFire    . . .     SeeInvis +   p - +3 broad axe "Globulus" {chop, Str+3 Int+2 Stlth+}
rCold    . . .     Gourm    .   R - +0 buckler
rNeg     . . .     Faith    .   y - +1 plate armour
rPois    +         Spirit   .   (helmet restricted)
rElec    .         Reflect  .   u - scarf {cloud immunity}
rCorr    .         Harm     .   C - +0 pair of gloves
MR       +....                  S - +2 pair of boots
Stlth    ..........             K - amulet "Jeheipre" {RegenMP SInv}
Regen    0.5/turn               z - ring of poison resistance
MPRegen  0.3/turn               G - +6 ring of dexterity

@: berserking, drained, very quick
A: retaliatory headbutt, horns 2, deterioration 1, low mp 1, sense surroundings
1, shaggy fur 2
a: Depart the Abyss, Bend Space, Banish, Corrupt, Enter the Abyss, Brand Weapon
With Distortion, Renounce Religion


You were on level 12 of the Dungeon.
You worshipped Lugonu.
Lugonu was exalted by your worship.
You were not hungry.

You visited 2 branches of the dungeon, and saw 18 of its levels.
You visited the Abyss 1 time.
You also visited: Ice Cave.

You collected 1944 gold pieces.

Inventory:

Hand Weapons
 p - the +3 broad axe "Globulus" (weapon) {chop, Str+3 Int+2 Stlth+}
   (You found it on level 5 of the Dungeon)

   It inflicts extra damage upon your enemies.
   It affects your strength (+3).
   It affects your intelligence (+2).
   It makes you more stealthy.
 w - the +5 hand axe of the Asp {venom, Int+4}
   (You found it on level 8 of the Dungeon)

   It poisons the flesh of those it strikes.
   It affects your intelligence (+4).
 x - a +2 war axe of draining
Missiles
 P - 5 javelins of returning (quivered)
Armour
 u - a scarf of cloud immunity (worn)
 y - a +1 plate armour (worn)
 C - a +0 pair of gloves (worn)
 R - a +0 buckler (worn)
 S - a +2 pair of boots (worn)
Jewellery
 r - an uncursed ring of see invisible
 v - an uncursed ring of positive energy
 z - a ring of poison resistance (left hand)
 G - a +6 ring of dexterity (right hand)
 K - the amulet "Jeheipre" (around neck) {RegenMP SInv}
   (You found it in an ice cave)

   [amulet of magic regeneration]

   It increases your magic regeneration.
   It lets you see invisible.
Wands
 I - a wand of digging (10/24)
Scrolls
 e - 6 scrolls of identify
 f - 10 scrolls of remove curse
 h - 4 scrolls of recharging
 D - 2 scrolls of fog
 H - 5 scrolls of silence
 Q - 2 scrolls of fear
Potions
 b - a potion of resistance
 c - a potion of ambrosia
 g - 7 potions of brilliance
 i - 4 potions of haste
 l - 4 potions of curing
 o - 3 potions of flight
 F - 3 potions of berserk rage
 L - a potion of agility
 N - 3 potions of cancellation
 X - 2 potions of magic
Comestibles
 d - 2 meat rations
 j - 13 fruits
 m - 16 royal jellies
 n - 6 bread rations
 T - 6 chunks of flesh


   Skills:
 + Level 12.0(11.3) Fighting
 + Level 15.3(15.1) Axes
   Level 6.5(11.4) Polearms
 * Level 16.6(15.9) Armour
 + Level 4.6(4.1) Dodging
 + Level 0.8(0.4) Shields
 * Level 11.6(10.9) Invocations


You had 13 spell levels left.
You didn't know any spells.

Dungeon Overview and Level Annotations

Branches:
Dungeon (12/15)            Temple (0/1) D:7            Lair (6/6) D:9
 Shoals (0/4) Lair:3       Spider (0/4) Lair:2        Slime (0/5) Lair:5
    Orc (0/2) D:10

Altars:
Elyvilon
Hepliaklqana
Makhleb
Nemelex Xobeh
Okawaru
Ru
Sif Muna
Trog
Uskayaw
Xom
Yredelemnul
The Shining One
Jiyva

Shops:
D:10 (   D:12 *

Annotations:
D:12 Frances


Innate Abilities, Weirdness & Mutations

You reflexively headbutt those who attack you in melee.
You have a pair of horns on your head.
Your body sometimes deteriorates upon taking damage.
Your magical capacity is low. (-10% MP)
You passively map a small area around you.
You are covered in thick fur. (AC +2)


Message History

Frances screams a word of power!
The iron shot hits you!
* * * LOW HITPOINT WARNING * * *
You feel much better. Frances hits you but does no damage.
You hit Frances.
Frances is severely wounded.
Frances hits you with a trident!!
* * * LOW HITPOINT WARNING * * *
Frances hits you but does no damage.
You slash Frances!
Frances is almost dead.
You block Frances's attack.
A red film seems to cover your vision as you go berserk!
You feel yourself moving faster!
You feel mighty! Frances hits you with a trident!!
* * * LOW HITPOINT WARNING * * *
You barely miss Frances. You headbutt Frances!
Frances is almost dead.
Frances hits you with a trident!
You die...

###### #....#
######:##.####
.............###*
######..........*
#.........##.*
####.#.∩.....##@####
......>..######.@..#
...#.#.#.# ####.#
...#[#.#.# #######.#
...#.#.#)###.......#
...#.#.#.<##.#######
##.#.#.#)....#
+..#.....:####
##.###.#### ##.....#


You could see Frances.

Vanquished Creatures
  An ice dragon (IceCv)
  A catoblepas (Lair:6)
  3 two-headed ogres
  A deep troll shaman (Lair:6)
  8 death yaks
  Urug (D:10)
  Pikel (D:9)
  An oklob plant (Lair:5)
  An orb spider (Lair:2)
  2 manticores
  A lindwurm (Lair:6)
  An ugly thing (D:11)
  10 black mambas
  10 elephants
  Psyche (D:11)
  A centaur skeleton (D:10)
  2 ice statues (IceCv)
  13 spiny frogs
  A gargoyle (D:10)
  8 rime drakes
  5 komodo dragons
  A troll (D:10)
  A polar bear (Lair:6)
  A queen bee (D:8)
  17 blink frogs
  3 hippogriffs
  2 wyverns
  48 yaks
  A wraith (D:11)
  2 basilisks
  4 hungry ghosts
  4 vampire mosquitoes (Lair:3)
  A soldier ant (D:11)
  An insubstantial wisp (Lair:3)
  16 water moccasins
  9 porcupines
  2 hell hounds (D:9)
  3 orc warriors
  2 black bears
  16 ice beasts
  A sky beast (D:7)
  A slave (D:9)
  An eye of draining (D:11)
  2 necrophages
  2 phantoms
  4 ogres
  4 centaurs
  15 wolves
  8 crocodiles
  A big kobold (D:11)
  16 bullfrogs
  A gnoll sergeant (D:8)
  3 scorpions
  A water moccasin skeleton (D:8)
  37 killer bees
  2 troll zombies (D:10)
  11 wights
  7 howler monkeys
  An electric eel (D:8)
  7 crimson imps
  3 centaur zombies
  6 hounds
  7 orc wizards
  4 orc priests
  4 bullfrog skeletons
  An iguana (D:4)
  4 hell rats (Lair:3)
  11 worker ants
  A killer bee zombie (D:8)
  4 ogre zombies (D:10)
  A hound zombie (D:10)
  A worker ant zombie (D:6)
  13 adders
  11 gnolls
  2 howler monkey skeletons
  A shadow imp (D:7)
  An ooze (D:1)
  2 adder zombies
  4 adder skeletons
  2 worms
  2 dart slugs
  3 leopard geckos
  43 orcs
  2 ball pythons
  8 giant cockroaches
  9 goblins
  10 hobgoblins
  10 jackals
  14 kobolds
  5 quokkas
  9 bats
  8 frilled lizards
  2 goblin zombies (D:10)
  3 hobgoblin skeletons (D:10)
  2 hobgoblin zombies (D:10)
  A jackal skeleton (D:4)
  4 orc skeletons (D:10)
  8 orc zombies (D:10)
  13 rats
  7 fungi
  5 plants
583 creatures vanquished.

Vanquished Creatures (others)
  5 hydras
  An ice dragon (IceCv)
  2 oklob plants (Lair:5)
  3 slaves (D:9)
  A hell rat (Lair:3)
  A quokka (D:8)
  5 fungi
  8 plants
26 creatures vanquished.

Grand Total: 609 creatures vanquished

Notes
Turn   | Place    | Note
-------+----------+-------------------------------------------
     0 | Abyss:1  | Gargoyl the Minotaur Abyssal Knight began the quest for the Orb.
     0 | Abyss:1  | Reached XP level 1. HP: 19/19 MP: 1/1
    54 | Abyss:2  | Noticed a worldbinder
    58 | Abyss:2  | Noticed an ironheart preserver
    81 | Abyss:2  | Noticed a small abomination
    84 | Abyss:2  | Noticed an iron imp
    86 | Abyss:2  | Noticed an ironheart preserver
    88 | Abyss:2  | Noticed a reaper
    90 | D:1      | Escaped the Abyss
   235 | D:1      | Reached * piety under Lugonu
   435 | D:1      | Reached XP level 2. HP: 27/27 MP: 2/2
   967 | D:1      | Reached XP level 3. HP: 34/34 MP: 3/3
  1112 | D:2      | Reached skill level 1 in Polearms
  1421 | D:2      | Reached skill level 3 in Armour
  1543 | D:2      | Reached ** piety under Lugonu
  1809 | D:2      | Reached XP level 4. HP: 41/41 MP: 4/4
  2202 | D:2      | Found a glowing golden altar of the Shining One.
  2414 | D:3      | Found a hazy altar of Hepliaklqana.
  2595 | D:3      | Reached *** piety under Lugonu
  2695 | D:3      | Reached XP level 5. HP: 45/47 MP: 5/5
  2800 | D:3      | Reached skill level 4 in Armour
  3145 | D:4      | Noticed an ogre
  3151 | D:4      | Killed an ogre
  3151 | D:4      | Reached XP level 6. HP: 36/53 MP: 7/7
  3570 | D:4      | Reached skill level 5 in Polearms
  3592 | D:4      | Noticed an orc warrior
  3916 | D:4      | Found a sparkling altar of Nemelex Xobeh.
  3975 | D:4      | Reached skill level 5 in Fighting
  4000 | D:4      | Reached XP level 7. HP: 50/61 MP: 8/8
  4005 | D:4      | Reached skill level 5 in Armour
  4295 | D:4      | Reached **** piety under Lugonu
  4477 | D:4      | Found an iron altar of Okawaru.
  4477 | D:4      | Found a basalt altar of Yredelemnul.
  4567 | D:4      | Found a deep blue altar of Sif Muna.
  4616 | D:5      | Entered Level 5 of the Dungeon
  4794 | D:5      | Got a jewelled broad axe
  4804 | D:5      | Got a bloodstained flail
  4805 | D:5      | Identified the cursed +3 broad axe "Globulus" {chop, Str+3 Int+2 Stlth+} (You found it on level 5 of the Dungeon)
  4807 | D:5      | Identified the +2 flail "Qugiuh" {venom, rPois rN+ Str+4 Int-3} (You found it on level 5 of the Dungeon)
  5192 | D:5      | Reached XP level 8. HP: 69/69 MP: 10/10
  5460 | D:6      | Reached skill level 6 in Armour
  5477 | D:6      | Found a basalt altar of Yredelemnul.
  5717 | D:6      | Reached skill level 5 in Axes
  5912 | D:6      | Found a bloodstained altar of Trog.
  6461 | D:7      | Reached skill level 7 in Armour
  6507 | D:7      | Found a staircase to the Ecumenical Temple.
  6551 | D:7      | Noticed a hand axe
  6552 | D:7      | Noticed a hand axe
  6555 | D:7      | Found a hide-covered altar of Uskayaw.
  7074 | D:7      | Reached XP level 9. HP: 75/75 MP: 11/11
  7078 | D:7      | Gained mutation: You evolve. [mutagenic meat]
  7079 | D:7      | Gained mutation: Your magical capacity is low. (-10% MP) [mutagenic meat]
  7080 | D:7      | Gained mutation: You possess an exceptional clarity of mind. [mutagenic meat]
  7081 | D:7      | Gained mutation: You are covered in fur. (AC +1) [mutagenic meat]
  7082 | D:7      | Gained mutation: Scrolls take you a little longer to read. [mutagenic meat]
  7349 | D:7      | Reached skill level 5 in Invocations
  7405 | D:8      | Found a white marble altar of Elyvilon.
  7424 | D:8      | Got a warped hand axe
  7435 | D:8      | Identified the +5 hand axe of the Asp {venom, Int+4} (You found it on level 8 of the Dungeon)
  7479 | D:8      | Reached skill level 8 in Armour
  7480 | D:8      | Noticed a queen bee
  7501 | D:8      | Killed a queen bee
  7512 | D:8      | Reached ***** piety under Lugonu
  8022 | D:8      | Reached skill level 9 in Armour
  8120 | D:8      | Found a shimmering altar of Xom.
  8848 | D:8      | Found a shimmering altar of Xom.
  8849 | D:8      | Found a burning altar of Makhleb.
  8959 | D:8      | Reached XP level 10. HP: 71/86 MP: 12/12
  9352 | D:9      | Found a sacrificial altar of Ru.
  9445 | D:9      | Noticed Pikel
  9473 | D:9      | Killed Pikel
  9473 | D:9      | Reached skill level 10 in Armour
  9601 | D:10     | Entered Level 10 of the Dungeon
 10160 | D:9      | Found a staircase to the Lair.
 10225 | D:9      | Reached skill level 10 in Axes
 10391 | D:9      | Noticed a two-headed ogre
 10398 | D:9      | Killed a two-headed ogre
 10398 | D:9      | Reached skill level 11 in Armour
 11057 | D:10     | Reached XP level 11. HP: 40/94 MP: 13/13
 11374 | Lair:1   | Entered Level 1 of the Lair of Beasts
 11413 | Lair:1   | HP: 4/95 [elephant (9)]
 11759 | D:9      | Lost mutation: Your magical capacity is low. (-10% MP) [evolution]
 11825 | Lair:1   | Noticed a seven-headed hydra
 11825 | Lair:1   | Banished a seven-headed hydra
 12222 | Lair:1   | Found a glowing golden altar of the Shining One.
 12474 | Lair:1   | Reached skill level 12 in Armour
 12486 | Lair:1   | Gained mutation: You have a pair of large horns on your head. [evolution]
 12486 | Lair:1   | Lost mutation: You evolve. [end of evolution]
 13491 | Lair:2   | Noticed a death yak
 13503 | Lair:2   | Noticed a death yak
 13504 | Lair:2   | Noticed a death yak
 13507 | Lair:2   | Noticed a death yak
 13760 | Lair:1   | Killed a death yak
 13770 | Lair:1   | Killed a death yak
 14261 | Lair:2   | Noticed an orb spider
 14263 | Lair:2   | Found a hole to the Spider Nest.
 14277 | Lair:2   | Killed an orb spider
 14277 | Lair:2   | Reached skill level 13 in Armour
 14912 | Lair:2   | Reached XP level 12. HP: 89/105 MP: 17/17
 14920 | Lair:2   | HP: 2/105 [blink frog (11)]
 15643 | Lair:2   | Killed a death yak
 15662 | Lair:2   | Killed a death yak
 15662 | Lair:2   | Reached skill level 10 in Fighting
 15668 | Lair:2   | Reached skill level 14 in Armour
 16134 | Lair:3   | Reached ****** piety under Lugonu
 16670 | Lair:3   | Found a staircase to the Shoals.
 17088 | Lair:4   | Found a frozen archway.
 17142 | IceCv    | Entered an ice cave
 18243 | IceCv    | Noticed an ice dragon
 18244 | IceCv    | Noticed an ice dragon
 18248 | IceCv    | Banished an ice dragon
 18265 | IceCv    | Killed an ice dragon
 18265 | IceCv    | Reached XP level 13. HP: 42/114 MP: 15/18
 18543 | IceCv    | Got a translucent platinum ring
 18545 | IceCv    | Got a fine steel amulet
 18581 | IceCv    | Identified the amulet "Jeheipre" {RegenMP SInv} (You found it in an ice cave)
 18585 | IceCv    | Identified the ring of Cuineli {MP+9 Str-2 Dex+2 Stlth-} (You found it in an ice cave)
 19670 | Lair:5   | Reached skill level 15 in Armour
 19868 | Lair:5   | Reached skill level 10 in Invocations
 20143 | Lair:5   | Found a viscous altar of Jiyva.
 20144 | Lair:5   | Found a staircase to the Slime Pits.
 20780 | Lair:5   | Identified the Reference Book on the Ensnaring Blaze
 20926 | Lair:6   | Entered Level 6 of the Lair of Beasts
 22289 | Lair:6   | Reached skill level 16 in Armour
 22459 | Lair:6   | Reached XP level 14. HP: 124/124 MP: 21/21
 23164 | D:10     | Found a staircase to the Orcish Mines.
 23468 | D:10     | Lost mutation: Scrolls take you a little longer to read. [potion of mutation]
 23468 | D:10     | Lost mutation: You have a pair of large horns on your head. [potion of mutation]
 23468 | D:10     | Lost mutation: You possess an exceptional clarity of mind. [potion of mutation]
 23468 | D:10     | Gained mutation: Your body sometimes deteriorates upon taking damage. [potion of mutation]
 23468 | D:10     | Gained mutation: You are covered in thick fur. (AC +2) [potion of mutation]
 23591 | D:10     | Found Ofelamit's Weapon Emporium.
 23775 | D:10     | Noticed Urug
 23788 | D:10     | Killed Urug
 23788 | D:10     | Reached skill level 15 in Axes
 24751 | D:11     | Noticed Psyche
 24756 | D:11     | Killed Psyche
 24943 | D:11     | Found a burning altar of Makhleb.
 25322 | D:11     | Gained mutation: You passively map a small area around you. [mutagenic meat]
 25323 | D:11     | Gained mutation: Your magical capacity is low. (-10% MP) [mutagenic meat]
 26013 | D:12     | Found Uhymoakh's General Store.
 26095 | D:12     | Noticed Frances
 26112 | D:12     | Slain by Frances

Skill      XL: |  1  2  3  4  5  6  7  8  9 10 11 12 13 14 |
---------------+-------------------------------------------+-----
Fighting       | 4 5 6 7 8 9 10 11 12 | 12.0
Invocations    | 2 3 4 6 7 8 9 11 | 11.6
Polearms       | 1 2 4 5 6 |  6.5
Armour         | 3 4 5 7 9 11 13 14 16 | 16.6
Dodging        | 2 3 4 |  4.6
Axes           | 6 8 10 12 13 14 15 | 15.3
Shields        | |  0.8

Action                   |  1- 3 |  4- 6 |  7- 9 | 10-12 | 13-15 || total
-------------------------+-------+-------+-------+-------+-------++-------
Melee: Halberd           |    82 |   127 |    58 |       |       ||   267
       Headbutt          |     4 |    13 |    41 |   170 |   193 ||   421
       Broad axe         |       |       |   241 |   166 |   261 ||   668
       Hand axe          |       |       |       |   505 |   322 ||   827
Invok: Depart the Abyss  |     1 |       |       |       |       ||     1
       Banish            |       |       |       |     3 |    14 ||    17
       Bend Space        |       |       |       |     1 |       ||     1
Evoke: Wand              |       |       |       |     1 |       ||     1
  Use: Potion            |     1 |     1 |     4 |     7 |     4 ||    17
       Scroll            |     1 |     8 |     7 |     8 |    13 ||    37
 Stab: Petrified         |       |       |       |       |    28 ||    28
       Petrifying        |       |       |       |       |     2 ||     2
  Eat: Chunk             |     3 |     4 |    24 |    16 |    31 ||    78
       Bread ration      |       |     1 |       |       |       ||     1
       Fruit             |       |       |       |    11 |       ||    11
       Meat ration       |       |       |       |     1 |       ||     1
       Royal jelly       |       |       |       |       |     2 ||     2
Armor: Leather armour    |     2 |       |       |       |       ||     2
       Scale mail        |    53 |    51 |     2 |       |       ||   106
       Chain mail        |       |       |   180 |       |       ||   180
       Plate armour      |       |       |    28 |   403 |   389 ||   820
       Skin              |       |       |    20 |       |       ||    20
Dodge: Dodged            |    66 |    60 |   154 |   269 |   260 ||   809
Block: Buckler           |       |       |       |       |    25 ||    25
